 Dungeon Crawl Stone Soup version 0.23-a0-171-g5ae17c6e89 (webtiles) character file.

853 Jesh the Covert (level 7, 0/32 HPs)
             Began as a Spriggan Enchanter on Sept 15, 2018.
             Was an Initiate of Dithmenos.
             Succumbed to a scorpion's poison
             ... on level 6 of the Dungeon.
             The game lasted 00:13:01 (5814 turns).

Jesh the Covert (Spriggan Enchanter)                Turns: 5814, Time: 00:13:01

Health: 0/32       AC:  3    Str:  5    XL:     7   Next: 70%
Magic:  5/15       EV: 18    Int: 17    God:    Dithmenos [......]
Gold:   223        SH:  0    Dex: 17    Spells: 6/15 levels left

rFire    . . .     SeeInvis +   m - +4 dagger (drain)
rCold    + . .     Gourm    .   (shield restricted)
rNeg     . . .     Faith    .   b - +0 robe
rPois    .         Spirit   .   (helmet restricted)
rElec    .         Reflect  .   p - +0 cloak
rCorr    .         Harm     .   (gloves unavailable)
MR       +....                  (boots unavailable)
Stlth    +++++.....             (no amulet)
HPRegen  0.10/turn              j - ring of protection from cold
MPRegen  0.14/turn              (no ring)

@: lethally poisoned (0 -> -14), about to teleport, very quick
A: very small, unfitting armour, see invisible, herbivore, speed 3, slow
metabolism 2
a: Renounce Religion


You were on level 6 of the Dungeon.
You worshipped Dithmenos.
Dithmenos was noncommittal.
You were not hungry.

You visited 1 branch of the dungeon, and saw 6 of its levels.

You collected 223 gold pieces.

Inventory:

Hand Weapons
 a - a +1 dagger
 f - a +0 dagger of protection
 m - a +4 dagger of draining (weapon)
Armour
 b - a +0 robe (worn)
 p - a +0 cloak (worn)
Jewellery
 e - a cursed amulet of inaccuracy {unknown}
 j - a ring of protection from cold (left hand)
Wands
 g - a wand of paralysis (10)
 s - a wand of iceblast (7)
Scrolls
 k - 4 scrolls of immolation
 l - a scroll of blinking
 q - a scroll of amnesia
 r - 2 scrolls of magic mapping
Potions
 c - a potion of flight
 h - 2 potions of agility
 o - 2 potions of might
Comestibles
 d - 3 rations


   Skills:
 - Level 1.1 Short Blades
 - Level 3.0 Dodging
 + Level 12.0 Stealth
 - Level 4.7 Spellcasting
 - Level 5.3 Hexes


You had 6 spell levels left.
You knew the following spells:

 Your Spells              Type           Power        Failure   Level  Hunger
a - Ensorcelled Hibernat  Hex/Ice        ##....       8%          2    #......
b - Corona                Hex            ###....      1%          1    None
c - Confuse               Hex            ###.....     4%          3    ###....
d - Tukima's Dance        Hex            ###.....     4%          3    ###....

Your spell library contained the following spells:

 Spells                   Type           Power        Failure   Level  Hunger
 Dazzling Spray           Conj/Hex       ##....       14%         3    ###....


Dungeon Overview and Level Annotations

Branches:
Dungeon (6/15)
 Temple: D:4-7

Altars:
Ashenzari
Cheibriados
Dithmenos
Okawaru
Ru
Xom
Yredelemnul

Annotations:
D:5 Sigmund


Innate Abilities, Weirdness & Mutations

You are very small and have problems with some larger weapons.
You are too small for most types of armour.
You have supernaturally acute eyesight. (SInv)
You are a herbivore.
You cover ground extremely quickly.
You need to consume almost no food.


Message History

* * * LOW HITPOINT WARNING * * *
You are lethally poisoned!
The scorpion poisons you!
Okay, then.
Unknown command.
Okay, then.
Unknown command.
* * * LOW HITPOINT WARNING * * *
You feel sick.
* * * LOW HITPOINT WARNING * * *
You feel sick.
Okay, then.
Unknown command.
As you read the scroll of teleportation, it crumbles to dust.
You feel strangely unstable.
* * * LOW HITPOINT WARNING * * *
You feel sick.
* * * LOW HITPOINT WARNING * * *
You feel sick.
You die...

.........#.## .............
.............#####
...................
.....>...............
.....................# .
..#..................#
.......#.....@.........
.......>...............
...##.............######. #..
...........s.....#......
#....###....................
.#....................#......
......###.#...........†......
..#.###...#.........##.......
......#.##....(..#..##.......


You could see a scorpion.

Vanquished Creatures
  Pikel (D:4)
  2 slaves (D:4)
  Crazy Yiuf (D:3)
  An orc priest (D:4)
  An orc wizard (D:3)
  Natasha (D:2)
  A worker ant (D:4)
  Robin (D:3)
  4 gnolls
  8 adders
  A howler monkey skeleton (D:4)
  4 worms
  3 dart slugs
  7 leopard geckos
  7 orcs
  4 giant cockroaches
  8 hobgoblins
  6 jackals
  2 quokkas (D:2)
  4 bats
  3 frilled lizards
  22 goblins
  14 kobolds
  2 quokka skeletons
  7 rats
115 creatures vanquished.

Vanquished Creatures (collateral kills)
  A gnoll (D:2)
1 creature vanquished.

Vanquished Creatures (others)
  An iguana (D:4)
  A giant cockroach (D:4)
2 creatures vanquished.

Grand Total: 118 creatures vanquished

Notes
Turn   | Place    | Note
-------+----------+-------------------------------------------
     0 | D:1      | Jesh the Spriggan Enchanter began the quest for the Orb.
     0 | D:1      | Reached XP level 1. HP: 9/9 MP: 5/5
   218 | D:1      | Reached XP level 2. HP: 13/13 MP: 7/7
   222 | D:1      | Learned a level 2 spell: Ensorcelled Hibernation
  1008 | D:2      | Reached XP level 3. HP: 16/16 MP: 3/9
  1022 | D:2      | Learned a level 3 spell: Confuse
  1026 | D:2      | Learned a level 3 spell: Tukima's Dance
  1659 | D:2      | Reached XP level 4. HP: 18/21 MP: 11/11
  1816 | D:2      | Reached skill level 5 in Hexes
  2492 | D:3      | Noticed Natasha
  2796 | D:2      | Reached skill level 5 in Stealth
  2923 | D:2      | Killed Natasha
  2923 | D:2      | Reached XP level 5. HP: 15/24 MP: 5/13
  3033 | D:3      | Reached skill level 6 in Stealth
  3847 | D:3      | Noticed Robin
  3863 | D:3      | Reached skill level 7 in Stealth
  3893 | D:3      | Killed Robin
  4319 | D:3      | Reached XP level 6. HP: 28/28 MP: 14/14
  4508 | D:3      | Found a runed door.
  4512 | D:3      | Noticed Crazy Yiuf
  4516 | D:3      | Killed Crazy Yiuf
  4516 | D:3      | Reached skill level 8 in Stealth
  4577 | D:4      | Noticed Pikel
  4577 | D:4      | Noticed a slave
  4577 | D:4      | Noticed a slave
  4577 | D:4      | Noticed a slave
  4577 | D:4      | Noticed a slave
  4609 | D:4      | Killed a slave
  4613 | D:4      | Killed a slave
  4759 | D:4      | Killed Pikel
  4759 | D:4      | Reached skill level 11 in Stealth
  4759 | D:4      | Reached XP level 7. HP: 26/32 MP: 7/15
  5110 | D:4      | Reached skill level 12 in Stealth
  5432 | D:4      | Found an iron altar of Okawaru.
  5550 | D:4      | Found an iron altar of Okawaru.
  5560 | D:4      | Found a shattered altar of Ashenzari.
  5565 | D:4      | Found a shadowy altar of Dithmenos.
  5569 | D:4      | Became a worshipper of Dithmenos the Shadowed
  5575 | D:4      | Found a shimmering altar of Xom.
  5582 | D:4      | Found a basalt altar of Yredelemnul.
  5589 | D:4      | Found a sacrificial altar of Ru.
  5594 | D:4      | Found a snail-covered altar of Cheibriados.
  5703 | D:4      | You fall through a shaft for 2 floors!
  5786 | D:5      | Entered Level 5 of the Dungeon
  5786 | D:5      | Noticed Sigmund
  5813 | D:6      | HP: 1/32 [poisoned by a scorpion]
  5814 | D:6      | Succumbed to a scorpion's poison

Vault maps used:
D:1:      dpeg_arrival_windows_large_door
D:3:      corexii_shack_village, uniq_natasha, uniq_robin,
          uniq_crazy_yiuf_cottage
D:4:      grunt_temple_overflow_octagram, grunt_decor_clamped,
          nicolae_zen_rock_garden, okawaru_altar_gauntlet_db, uniq_pikel
D:5:      first_ration, serial_shops, shop, nicolae_shop_behind_doors,
          uniq_sigmund
D:6:      ebering_ghost_rock_garden, nicolae_underground_beach

Skill      XL: |  1  2  3  4  5  6  7 |
---------------+----------------------+-----
Spellcasting   | 3 4 |  4.7
Hexes          | 4 5 |  5.3
Stealth        | 5 7 11 12 | 12.0
Short Blades   | |  1.1
Dodging        | |  3.0

Action                   |  1- 3 |  4- 6 |  7- 9 || total
-------------------------+-------+-------+-------++-------
Melee: Dagger            |   141 |   149 |    27 ||   317
 Cast: Ensorcelled Hiber |    11 |    32 |     7 ||    50
       Corona            |     1 |       |       ||     1
       Confuse           |       |     3 |       ||     3
       Tukima's Dance    |       |     1 |       ||     1
  Use: Scroll            |     6 |    11 |     2 ||    19
       Potion            |       |     5 |     1 ||     6
 Stab: Sleeping          |    21 |    34 |     4 ||    59
       Confused          |       |     2 |       ||     2
       Distracted        |       |     1 |       ||     1
  Eat: Ration            |       |     2 |     1 ||     3
Armor: Robe              |    18 |     7 |     1 ||    26
Dodge: Dodged            |   117 |   115 |    16 ||   248

Table legend:
 A = Non-vault XP
 B = Vault XP
 C = Vault XP percentage of total XP
 D = Non-vault monster count
 E = Vault monster count
 F = Vault count percentage of total count
                 A         B        C        D         E       F
            +---------+---------+-------+---------+---------+-------
      Total |     423 |     796 |  65.3 |      83 |      31 |  27.2
            +---------+---------+-------+---------+---------+-------
        D:1 |      33 |       0 |   0.0 |      18 |       0 |   0.0
        D:2 |     150 |      35 |  18.9 |      34 |       1 |   2.9
        D:3 |     121 |      95 |  44.0 |      23 |      23 |  50.0
        D:4 |     106 |     666 |  86.3 |       7 |       7 |  50.0
        D:6 |      13 |       0 |   0.0 |       1 |       0 |   0.0
            +---------+---------+-------+---------+---------+-------
